 Dungeon Crawl Stone Soup version 0.28.0-53-g5a82cb258f (webtiles) character file.

Game seed: 2663923691402361001

5837 protoss039 the Fighter (level 10, 86/86 HPs)
             Began as a Demonspawn Earth Elementalist on June 15, 2022.
             Was a Believer of Vehumet.
             Got out of the dungeon alive.
             The game lasted 00:12:40 (10542 turns).

protoss039 the Fighter (DsEE)                      Turns: 10542, Time: 00:12:41

Health: 86/86      AC: 12    Str: 10    XL:     10   Next: 51%
Magic:  20/20      EV: 14    Int: 20    God:    Vehumet [**....]
Gold:   37         SH:  4    Dex: 13    Spells: 17/23 levels left

rFire   . . .      SeeInvis .   k - +2 short sword (vamp)
rCold   . . .      Faith    .   (no shield)
rNeg    . . .      Spirit   .   f - +0 leather armour
rPois   .          Reflect  .   (helmet restricted)
rElec   .          Harm     .   z - +0 cloak
rCorr   .          Rampage  .   (no gloves)
Will    .....                   (no boots)
Stlth   ++........              (no amulet)
HPRegen 0.24/turn               t - +4 ring of protection
MPRegen 0.17/turn               (no ring)

@: no status effects
A: horns 1, repulsion field 2, icemail 1, spiny 2, condensation shield
a: Renounce Religion


You escaped.
You worshipped Vehumet.
Vehumet was pleased with you.
You visited 2 branches of the dungeon, and saw 9 of its levels.

You collected 285 gold pieces.
You spent 248 gold pieces at shops.

Inventory:

Hand Weapons
 k - a +2 vampiric short sword (weapon)
Missiles
 c - 156 stones
 v - a throwing net
Armour
 f - a +0 leather armour (worn)
 z - a +0 cloak (worn)
Magical Staves
 B - a staff of cold
Jewellery
 t - a +4 ring of protection (left hand)
Wands
 e - a wand of polymorph (18)
 g - a wand of charming (16)
 n - a wand of iceblast (23)
 D - a wand of paralysis (3)
Scrolls
 a - 2 scrolls of immolation
 b - a scroll of enchant weapon {unknown}
 d - 3 scrolls of identify
 j - a scroll of amnesia {unknown}
 m - a scroll of torment
 p - 3 scrolls of fear
 q - 3 scrolls of teleportation
 w - a scroll of fog
 y - a scroll of magic mapping
 C - a scroll of holy word {unknown}
Potions
 h - 2 potions of curing
 i - 3 potions of mutation
 l - 5 potions of heal wounds
 o - a potion of haste {unknown}
 r - 3 potions of lignification
 s - 2 potions of might
 u - a potion of ambrosia {unknown}
 x - a potion of brilliance {unknown}
 A - a potion of magic {unknown}
 F - a potion of resistance {unknown}
Miscellaneous
 E - a condenser vane


   Skills:
 * Level 10.6 Fighting
 - Level 3.0 Armour
 - Level 1.7 Dodging
 - Level 1.7 Stealth
 + Level 7.2 Spellcasting
 - Level 3.0 Conjurations
 - Level 1.0 Transmutations
 + Level 7.5 Earth Magic


You had 17 spell levels left.
You knew the following spells:

 Your Spells              Type           Power      Damage    Failure   Level
a - Sandblast             Erth           74%        2d16      1%          1
b - Passwall              Tmut/Erth      20%        N/A       3%          2
c - Stone Arrow           Conj/Erth      56%        3d10      4%          3

Your spell library contained the following spells:

 Spells                   Type           Power      Damage    Failure   Level
 Foxfire                  Conj/Fire      52%        2x1d6     7%          1
 Summon Small Mammal      Summ           28%        N/A       12%         1
 Petrify                  Tmut/Erth      24%        N/A       22%         4


Dungeon Overview and Level Annotations

Branches:
Dungeon (8/15)             Temple (1/1) D:4
   Lair: D:8-11

Altars:
Ashenzari
Cheibriados
Dithmenos
Elyvilon
Fedhas
Gozag
Hepliaklqana
Kikubaaqudgha
Makhleb
Nemelex Xobeh
Okawaru
Qazlal
Ru
Sif Muna
Trog
Uskayaw
Vehumet
Wu Jian
Xom
Yredelemnul
Zin

Shops:
D:2 *   D:7 ?*   D:8 *


Innate Abilities, Weirdness & Mutations

You have a pair of small horns on your head.
You are surrounded by a moderate repulsion field. (EV +3)
A meltable icy envelope protects you from harm. (AC +4)
You are mostly covered in sharp spines.
A meltable shield of frost defends you. (SH +4)


Message History

There is an open door here.
Things that are here:
a +0 war axe; a +0 robe; a meliai corpse
(D) Dungeon (T) Temple
Where to? (Enter - D:7 @ (x,y), ? - help)
What level of the Dungeon? (default 1, ? - help)
You see here 4 large rocks.
You see here a howler monkey skeleton.
HP restored.
There is a stone staircase leading down here.
Magic restored.
You see here a +0 scale mail.
There is a stone staircase leading up here.
You climb upwards.
There is a stone staircase leading down here.
There is a stone staircase leading up here.
You climb upwards.
There is a stone staircase leading down here.
There is a stone staircase leading up here.
You climb upwards.
There is a stone staircase leading down here.
There is an open door here.
There is a stone staircase leading up here.
You climb upwards.
There is a stone staircase leading down here.
There is a stone staircase leading up here.
You climb upwards.
There is a stone staircase leading down here.
There is a stone staircase leading up here.
You climb upwards.
There is a stone staircase leading down here.
There is a stone staircase leading up here.
You climb upwards.
There is a stone staircase leading down here.
You see here a +0 short sword.
You see here a +0 hand axe.
There is a large open door here.
There is a staircase leading out of the dungeon here.
Are you sure you want to leave the Dungeon?
This will make you lose the game!
You have escaped!

#. #.
#############.
#.............
####
#.############
#..## #.#
#.#.####.#
#.#...##.#
#.#.@..#.#
#.#...#'.#
#.8####'.#
#.####.###
##....##
######


There were no monsters in sight!

Vanquished Creatures
  A two-headed ogre (D:8)
  A cyclops (D:8)
  A manticore (D:8)
  A meliai (D:8)
  Grinder (D:5)
  A hornet (D:8)
  Sigmund (D:2)
  A wraith (D:8)
  A shadow (D:7)
  2 steam dragons (D:8)
  A water moccasin (D:7)
  3 black bears
  3 ice beasts
  4 ogres
  A centaur (D:8)
  A phantom (D:4)
  2 kobold brigands
  5 bullfrogs
  2 scorpions (D:7)
  A gnoll sergeant (D:6)
  A water moccasin skeleton (D:4)
  5 killer bees (D:6)
  An electric eel (D:7)
  2 howler monkeys
  2 centaur zombies
  2 bullfrog zombies
  A centaur skeleton (D:7)
  A jelly (D:5)
  3 orc priests
  Crazy Yiuf (D:6)
  A gnoll shaman (D:8)
  4 hounds
  A bullfrog skeleton (D:6)
  4 iguanas
  Ijyb (D:5)
  3 orc wizards
  A hound skeleton (D:5)
  A howler monkey skeleton (D:5)
  4 gnolls (D:6)
  2 adders
  2 shadow imps
  A white imp (D:6)
  An ufetubus (D:4)
  3 dart slugs
  15 orcs
  10 ball pythons
  2 bats
  4 endoplasms
  4 giant cockroaches
  7 goblins
  9 hobgoblins
  8 jackals
  7 kobolds
  5 quokkas
  7 frilled lizards
  4 rats (D:1)
164 creatures vanquished.

Vanquished Creatures (collateral kills)
  A centaur (D:8)
1 creature vanquished.

Vanquished Creatures (others)
  A two-headed ogre (D:8)
  An orc (D:8)
2 creatures vanquished.

Grand Total: 167 creatures vanquished

Notes
Turn   | Place    | Note
-------+----------+-------------------------------------------
     0 | D:1      | protoss039 the Demonspawn Earth Elementalist began the
                  | quest for the Orb.
     0 | D:1      | Reached XP level 1. HP: 13/13 MP: 3/3
    75 | D:1      | Reached skill level 1 in Transmutations
   173 | D:1      | Gained mutation: You are surrounded by a mild repulsion
                  | field. (EV +2) [demonic ancestry]
   173 | D:1      | Reached XP level 2. HP: 20/20 MP: 5/5
   359 | D:1      | Reached skill level 1 in Fighting
   902 | D:1      | Reached XP level 3. HP: 21/26 MP: 4/6
  1179 | D:1      | Found a faded altar of an unknown god.
  1196 | D:1      | Got Plato's Handbook of the Entourage
  1446 | D:1      | Learned a level 2 spell: Passwall
  1450 | D:1      | Learned a level 3 spell: Stone Arrow
  1780 | D:2      | Noticed Sigmund
  1802 | D:2      | Killed Sigmund
  1803 | D:2      | Reached skill level 2 in Fighting
  1803 | D:2      | Reached skill level 1 in Armour
  1803 | D:2      | Reached XP level 4. HP: 22/34 MP: 0/8
  1803 | D:2      | Gained mutation: You are surrounded by a moderate repulsion
                  | field. (EV +3) [demonic ancestry]
  1803 | D:2      | Reached XP level 5. HP: 27/40 MP: 0/9
  2062 | D:2      | Found Hoison's Assorted Antiques.
  3065 | D:4      | Found a staircase to the Ecumenical Temple.
  3072 | D:4      | Noticed a black bear
  3243 | D:4      | Reached skill level 3 in Fighting
  3475 | D:4      | Gained mutation: You are partially covered in sharp spines.
                  | [demonic ancestry]
  3475 | D:4      | Reached XP level 6. HP: 13/47 MP: 6/10
  3740 | D:5      | Entered Level 5 of the Dungeon
  3764 | D:5      | Noticed Ijyb
  3778 | D:5      | Killed Ijyb
  4150 | D:5      | Gained mutation: You are mostly covered in sharp spines.
                  | [demonic ancestry]
  4150 | D:5      | Reached XP level 7. HP: 50/53 MP: 9/12
  4176 | D:5      | Reached skill level 4 in Fighting
  4408 | Temple   | Entered the Ecumenical Temple
  4813 | Temple   | Became a worshipper of Vehumet
  5058 | D:4      | Reached skill level 5 in Fighting
  5463 | D:5      | Gained mutation: A meltable shield of frost defends you.
                  | (SH +4) [demonic ancestry]
  5463 | D:5      | Reached XP level 8. HP: 62/62 MP: 7/14
  5897 | D:6      | HP: 2/64 [ogre/+0 giant club (29)]
  5904 | D:5      | Reached skill level 6 in Fighting
  6014 | D:5      | Noticed Grinder
  6248 | D:5      | Killed Grinder
  6249 | D:5      | Reached skill level 5 in Earth Magic
  6720 | D:6      | Reached * piety under Vehumet
  6720 | D:6      | Offered knowledge of Freeze by Vehumet.
  6722 | D:6      | Reached skill level 5 in Spellcasting
  6727 | D:6      | Reached skill level 7 in Fighting
  7023 | D:6      | Gained mutation: A meltable icy envelope protects you from
                  | harm. (AC +4) [demonic ancestry]
  7023 | D:6      | Reached XP level 9. HP: 72/72 MP: 7/16
  7693 | D:6      | Found a runed translucent door.
  7694 | D:6      | Noticed Crazy Yiuf
  7933 | D:6      | Killed Crazy Yiuf
  8132 | D:7      | Found Vemawniv's General Store.
  8139 | D:7      | Bought a scroll of identify for 22 gold pieces
  8139 | D:7      | Bought a scroll of identify for 22 gold pieces
  8139 | D:7      | Bought a scroll of identify for 22 gold pieces
  8142 | D:7      | Bought a potion of heal wounds for 55 gold pieces
  8226 | D:7      | Reached skill level 8 in Fighting
  8746 | D:7      | Found Zepny's Magic Scroll Emporium.
  8834 | D:7      | Bought a scroll of teleportation for 48 gold pieces
  8834 | D:7      | Bought a scroll of identify for 32 gold pieces
  8834 | D:7      | Bought a scroll of identify for 32 gold pieces
  9239 | D:8      | Reached ** piety under Vehumet
  9239 | D:8      | Offered knowledge of Foxfire by Vehumet.
  9304 | D:8      | Found Vantynlaxt's General Store.
  9368 | D:8      | Bought a potion of degeneration for 15 gold pieces
  9487 | D:8      | Reached skill level 9 in Fighting
  9763 | D:8      | Noticed a two-headed ogre
  9763 | D:8      | Noticed a two-headed ogre
  9786 | D:8      | Gained mutation: You have a pair of small horns on your
                  | head. [demonic ancestry]
  9786 | D:8      | Reached XP level 10. HP: 56/83 MP: 7/19
  9786 | D:8      | Killed a two-headed ogre
  9793 | D:8      | Reached skill level 10 in Fighting
 10087 | D:8      | Noticed a cyclops
 10093 | D:8      | Killed a cyclops
 10246 | D:8      | Noticed a manticore
 10252 | D:8      | Killed a manticore
 10542 | D:$      | Got out of the dungeon alive.

Illustrated notes

Levels and vault maps discovered:
D:1:      saegor_arrival_simple_e, layout_loops_ring,
          shapermc_ecumenical_altar_rom_forum
D:2:      layout_loops_ring, serial_shops, nicolae_lakefront_shop, uniq_sigmund
D:3:      layout_basic
D:4:      layout_basic, minmay_temple_entry_sparse_star
D:5:      layout_gridville, uniq_ijyb, uniq_grinder
D:6:      layout_basic, minmay_holes, minmay_fractal_squares_diagonal_5,
          uniq_crazy_yiuf_cottage
D:7:      layout_basic, serial_shops, nicolae_shop_advertising_works
          [nicolae_subvault_shop_adworks], shop, st_stairs_14,
          kennysheep_cross_bottleneck, minmay_misc_feat_chi
D:8:      kennysheep_windowed_halls, layout_rooms, serial_shops,
          nicolae_shop_trees, supply_closet_lemuel, jiyva_altar_1
Temple:   compressed_dpeg_triangle_lava_temple

Skill      XL: |  1  2  3  4  5  6  7  8  9 10 |
---------------+-------------------------------+-----
Transmutations | 1 |  1.0
Fighting       | 1 2 3 5 7 9 10 | 10.6
Earth Magic    | 3 4 5 6 7 |  7.5
Armour         | 1 2 3 |  3.0
Conjurations   | 2 3 |  3.0
Spellcasting   | 3 4 5 6 7 |  7.2
Dodging        | |  1.7
Stealth        | |  1.7

Action                   |  1- 3 |  4- 6 |  7- 9 | 10-12 || total
-------------------------+-------+-------+-------+-------++-------
Melee: Short sword       |    75 |    92 |   102 |     5 ||   274
       Unarmed           |     2 |       |       |       ||     2
       Punch             |     3 |     3 |     1 |       ||     7
       Headbutt          |       |       |       |     1 ||     1
 Cast: Sandblast         |    22 |    25 |    45 |     8 ||   100
       Stone Arrow       |       |     1 |    67 |    18 ||    86
Evoke: Wand              |       |       |     4 |       ||     4
  Use: Potion            |     1 |       |     2 |       ||     3
       Scroll            |       |       |    11 |       ||    11
 Stab: Sleeping          |     5 |     2 |     1 |       ||     8
Armor: Robe              |     9 |       |       |       ||     9
       Leather armour    |     3 |    21 |    47 |     8 ||    79
Dodge: Dodged            |    63 |    79 |   117 |    19 ||   278
Block: Other             |       |       |    16 |     4 ||    20
